 Dungeon Crawl Stone Soup version 0.30-a0-883-g5ad918d77d (webtiles) character file.

Game seed: 18240361055174719199

175 Ijustatesigmund the Firebug (level 5, 0/37 HPs)
             Began as a Gnoll Fire Elementalist on Mar 17, 2023.
             Succumbed to a goblin's poison
             ... on level 4 of the Dungeon.
             The game lasted 00:04:02 (2536 turns).

Ijustatesigmund the Firebug (GnFE)                  Turns: 2536, Time: 00:04:02

Health: 0/37       AC:  3    Str: 11    XL:     5   Next: 55%
Magic:  10/12      EV: 13    Int: 16    God:
Gold:   127        SH:  4    Dex: 12    Spells: 11/14 levels left

rFire   + . .      SeeInvis .    c - +1 mace (heavy)
rCold   . . .      Faith    .    e - +0 buckler of Maily {rF+ Str+3 Slay+2}
rNeg    . . .      Spirit   .    a - +0 robe
rPois   .          Reflect  .    (no helmet)
rElec   .          Rampage  .    (no cloak)
rCorr   .                        n - +0 pair of gloves
Will    .....                    (no boots)
Stlth   +++                      (no amulet)
HPRegen 0.26/turn                (no ring)
MPRegen 0.13/turn                (no ring)

@: lethally poisoned (0 -> 0)
A: fangs 1, strong nose, distributed training
a: no special abilities


You were on level 4 of the Dungeon.
You visited 1 branch of the dungeon, and saw 4 of its levels.

You collected 127 gold pieces.

Inventory:

Hand Weapons
 c - a +1 heavy mace (weapon)
Armour
 a - a +0 robe (worn)
 e - the +0 buckler of Maily (worn) {rF+ Str+3 Slay+2}
   (You found it on level 4 of the Dungeon)

   Str:       It affects your strength (+3).
   Slay:      It affects your accuracy & damage with ranged weapons and melee
   (+2).
   rF:        It protects you from fire.
 n - a +0 pair of gloves (worn)
Jewellery
 j - an amulet of magic regeneration
Scrolls
 f - a scroll of poison {unknown}
 h - 2 scrolls of vulnerability {unknown}
 l - a scroll of butterflies {unknown}
 o - a scroll of enchant armour {unknown}
Potions
 b - a potion of magic
 d - 2 potions of attraction
 g - a potion of flight


   Skills:
 + Level 1.6 Fighting
 + Level 1.6 Short Blades
 + Level 1.6 Long Blades
 + Level 1.6 Axes
 + Level 1.6 Maces & Flails
 + Level 1.6 Polearms
 + Level 1.6 Staves
 + Level 1.6 Ranged Weapons
 + Level 1.6 Throwing
 + Level 1.6 Armour
 + Level 4.8 Dodging
 + Level 4.4 Stealth
 + Level 1.6 Shields
 + Level 1.6 Unarmed Combat
 + Level 5.2 Spellcasting
 + Level 2.4 Conjurations
 + Level 1.3 Hexes
 + Level 1.3 Summonings
 + Level 1.3 Necromancy
 + Level 1.3 Translocations
 + Level 1.3 Transmutations
 + Level 5.6 Fire Magic
 + Level 1.3 Ice Magic
 + Level 1.3 Air Magic
 + Level 1.3 Earth Magic
 + Level 1.3 Poison Magic
 + Level 1.8 Invocations
 + Level 1.6 Evocations


You had 11 spell levels left.
You knew the following spells:

 Your Spells              Type           Power      Damage    Failure   Level
a - Foxfire               Conj/Fire      68%        2x1d7     3%          1
b - Scorch                Fire           44%        2d7       3%          2

Your spell library contained the following spells:

 Spells                   Type           Power      Damage    Failure   Level
 Inner Flame              Hex/Fire       15%        N/A       14%         3
 Lesser Beckoning         Tloc           16%        N/A       17%         2
 Ignite Poison            Fire/Tmut/Pois 12%        N/A       19%         3
 Kindle Blastsparks       Fire/Tloc/Air  24%        2d12      19%         3
 Gell's Gravitas          Tloc           8%         N/A       34%         3
 Teleport Other           Tloc           8%         N/A       34%         3
 Flame Wave               Conj/Fire      17%        2d7       36%         4
 Freezing Cloud           Conj/Ice/Air   4%         6-21      95%         5


Dungeon Overview and Level Annotations

Branches:
Dungeon (4/15)             Temple (0/1) D:4

Altars:
Vehumet

Annotations:
D:3 Robin


Innate Abilities, Weirdness & Mutations

You have very sharp teeth.
Your uncanny sense of smell can sniff out nearby items.
Your experience applies equally to all skills.


Message History

The goblin closely misses you. The goblin hits you with a +0 club.
* * * LOW HITPOINT WARNING * * *
You feel very sick.
The foxfire hits the goblin.
You kill the goblin!
The foxfire hits the goblin.
You kill the goblin!
Casting: Foxfire (safe; 3% risk of failure)
Confirm with . or Enter, or press ? or * to list all spells.
You conjure some foxfire!
* * * LOW HITPOINT WARNING * * *
You feel sick.
* * * LOW HITPOINT WARNING * * *
You feel sick.
Casting: Foxfire (safe; 3% risk of failure)
Confirm with . or Enter, or press ? or * to list all spells.
You conjure some foxfire!
* * * LOW HITPOINT WARNING * * *
You feel sick.
Your foxfire dissipates! x2
* * * LOW HITPOINT WARNING * * *
You feel sick.
Unknown command.
It was a potion of brilliance.
You feel clever all of a sudden.
* * * LOW HITPOINT WARNING * * *
You feel sick.
Your foxfire dissipates!
It was a potion of might.
You feel very mighty all of a sudden.
* * * LOW HITPOINT WARNING * * *
You feel sick.
Your foxfire dissipates!
It was a potion of cancellation.
Your magical effects are unravelling.
You feel magically purged.
You feel a little less mighty now.
You feel a little less clever now.
* * * LOW HITPOINT WARNING * * *
You feel sick.
You die...

#### ###.. #####..)#
#.....)@#########.
##
##.##...†..[.......[
#####...#####.#
###.#.....# #....##
###...# ##..########
#..........
###..######


There were no monsters in sight!

Vanquished Creatures
  A phantom (D:4)
  3 adders (D:4)
  4 dart slugs
  4 bats (D:1)
  4 endoplasms
  3 giant cockroaches
  7 goblins
  11 hobgoblins
  4 quokkas
  7 ball pythons
  10 kobolds
  3 rats
61 creatures vanquished.

Vanquished Creatures (collateral kills)
  2 foxfires (D:1)
2 creatures vanquished.

Vanquished Creatures (others)
  168 foxfires
168 creatures vanquished.

Grand Total: 231 creatures vanquished

Notes
Turn   | Place    | Note
-------+----------+-------------------------------------------
     0 | D:1      | Ijustatesigmund the Gnoll Fire Elementalist began the quest
                  | for the Orb.
     0 | D:1      | Reached XP level 1. HP: 13/13 MP: 6/6
   157 | D:1      | Reached XP level 2. HP: 19/19 MP: 5/7
   185 | D:1      | Learned a level 2 spell: Scorch
   494 | D:1      | Reached skill level 5 in Spellcasting
   494 | D:1      | Reached XP level 3. HP: 23/25 MP: 3/9
   656 | D:1      | Reached skill level 1 in Invocations
  1484 | D:2      | Reached skill level 1 in Fighting
  1484 | D:2      | Reached skill level 1 in Short Blades
  1484 | D:2      | Reached skill level 1 in Long Blades
  1484 | D:2      | Reached skill level 1 in Axes
  1484 | D:2      | Reached skill level 1 in Maces & Flails
  1484 | D:2      | Reached skill level 1 in Polearms
  1484 | D:2      | Reached skill level 1 in Staves
  1484 | D:2      | Reached skill level 1 in Ranged Weapons
  1484 | D:2      | Reached skill level 1 in Throwing
  1484 | D:2      | Reached skill level 1 in Armour
  1484 | D:2      | Reached skill level 1 in Shields
  1484 | D:2      | Reached skill level 1 in Unarmed Combat
  1484 | D:2      | Reached skill level 1 in Evocations
  1884 | D:2      | You fall into a shaft and drop 2 floors!
  1900 | D:4      | Found a staircase to the Ecumenical Temple.
  1909 | D:4      | Reached XP level 4. HP: 32/32 MP: 6/11
  2021 | D:4      | Noticed a phantom
  2030 | D:4      | Killed a phantom
  2031 | D:4      | Reached skill level 1 in Hexes
  2031 | D:4      | Reached skill level 1 in Summonings
  2031 | D:4      | Reached skill level 1 in Necromancy
  2031 | D:4      | Reached skill level 1 in Translocations
  2031 | D:4      | Reached skill level 1 in Transmutations
  2031 | D:4      | Reached skill level 1 in Ice Magic
  2031 | D:4      | Reached skill level 1 in Air Magic
  2031 | D:4      | Reached skill level 1 in Earth Magic
  2031 | D:4      | Reached skill level 1 in Poison Magic
  2031 | D:4      | Reached XP level 5. HP: 37/37 MP: 5/12
  2204 | D:4      | Identified the +0 buckler of Maily {rF+ Str+3 Slay+2}
  2258 | D:4      | Found a radiant altar of Vehumet.
  2373 | D:3      | Noticed Robin
  2535 | D:4      | HP: 1/37 [poisoned by a goblin]
  2536 | D:4      | Succumbed to a goblin's poison

Illustrated notes

Levels and vault maps discovered:
D:1:      nzn_arrival_depleted_hourglass, layout_rooms, serial_bayou_pond_e
D:2:      layout_basic, nicolae_figureground_pulse
D:3:      layout_loops_cross, mainiacjoe_overflow_catwalk, fedhas_altar_2,
          mainiacjoe_overflow_alcove_2, hex_large, dk_noncrumbling_2,
          uniq_robin, uniq_ijyb, uniq_crazy_yiuf_cottage, uniq_terence
D:4:      layout_rooms, vehumet_altar_wand_db, mainiacjoe_overflow_alcove_4,
          temple_pool_b

Skill      XL: |  1  2  3  4 |
---------------+-------------+-----
Conjurations   | 2 |  2.4
Spellcasting   | 5 |  5.2
Invocations    | 1 |  1.8
Fighting       | 1 |  1.6
Short Blades   | 1 |  1.6
Long Blades    | 1 |  1.6
Axes           | 1 |  1.6
Maces & Flails | 1 |  1.6
Polearms       | 1 |  1.6
Staves         | 1 |  1.6
Ranged Weapons | 1 |  1.6
Throwing       | 1 |  1.6
Armour         | 1 |  1.6
Shields        | 1 |  1.6
Unarmed Combat | 1 |  1.6
Evocations     | 1 |  1.6
Hexes          | 1 |  1.3
Summonings     | 1 |  1.3
Necromancy     | 1 |  1.3
Translocations | 1 |  1.3
Transmutations | 1 |  1.3
Ice Magic      | 1 |  1.3
Air Magic      | 1 |  1.3
Earth Magic    | 1 |  1.3
Poison Magic   | 1 |  1.3
Dodging        | |  4.8
Stealth        | |  4.4
Fire Magic     | |  5.6

Action                     |  1- 3 |  4- 6 || total
---------------------------+-------+-------++-------
  Melee: Mace              |     2 |     5 ||     7
         Bite              |       |     1 ||     1
   Cast: Foxfire           |    78 |    20 ||    98
         Scorch            |     4 |     4 ||     8
    Use: Scroll            |     2 |     1 ||     3
         Potion            |       |     3 ||     3
 Armour: Robe              |     3 |     4 ||     7
  Dodge: Dodged            |    11 |    13 ||    24
  Block: Buckler           |       |     1 ||     1

Table legend: (Time is in decaauts)
 A = Elapsed time spent in this place.
 B = Non-inter-level travel time spent in this place.
 C = Inter-level travel time spent in this place.
 D = Time resting spent in this place.
 E = Time spent auto-exploring this place.
 F = Levels seen in this place.
 G = Mean time per level.
                   A        B        C        D        E       F      G
               +--------+--------+--------+--------+--------+-----+--------+
         Total |   2543 |   2497 |     46 |    422 |   1692 |   4 |  635.8 |
       Dungeon |   2543 |   2497 |     46 |    422 |   1692 |   4 |  635.8 |
               +--------+--------+--------+--------+--------+-----+--------+

Top non-repeatable levels by time:
     D:1: 1030 daAuts
     D:2: 854 daAuts
     D:4: 646 daAuts
     D:3: 12 daAuts
